 Dungeon Crawl Stone Soup version 0.17-a0-1368-g6ab37f2 (webtiles) character file.

145 Chiseanne the Magician (level 5, -9/24 HPs)
             Began as a Vine Stalker Fire Elementalist on June 12, 2015.
             Mangled by Terence
             ... wielding a +0 flail
              (12 damage)
             ... on level 3 of the Dungeon.
             The game lasted 00:09:04 (2998 turns).

Chiseanne the Magician (VSFE)                       Turns: 2998, Time: 00:09:04

Health: -9/24      AC:  2    Str: 10    XL:     5   Next: 27%
Magic:  0/12       EV: 17    Int: 16    God:
Gold:   130        SH:  0    Dex: 20    Spells: 5 memorised, 0 levels left

rFire  . . .     SeeInvis +     d - +0 hand axe
rCold  . . .     Clarity  .     a - +0 robe
rNeg   . . .     SustAt   .     (no shield)
rPois  .         Gourm    .     (no helmet)
rElec  .         Spirit   +     (no cloak)
rCorr  .         Warding  .     (no gloves)
rMut   .         Stasis   .     (no boots)
MR     .....                    (no amulet)
Stlth  +++.......               (no ring)
                                m - ring of see invisible

@: agile, very slightly contaminated, not resistant to hostile enchantments,
fairly stealthy
A: fangs 2, regeneration 1, magic shield, antimagic bite, no device heal 3, rot
immunity
a: no special abilities


You were on level 3 of the Dungeon.
You were not hungry.

You visited 2 branches of the dungeon, and saw 5 of its levels.

You collected 130 gold pieces.

Inventory:

Hand weapons
 d - a +0 hand axe (weapon)
 n - a cursed -1 hand axe
Missiles
 e - 12 poisoned needles
Armour
 a - a +0 robe (worn)
Jewellery
 h - an uncursed ring of invisibility {unknown}
 m - a ring of see invisible (left hand)
 r - an uncursed ring of fire {unknown}
Scrolls
 i - 2 scrolls of magic mapping
 t - a scroll of blinking {unknown}
Potions
 f - a potion of resistance {unknown}
 g - a potion of brilliance
 k - a potion of curing
 o - a potion of flight {unknown}
 p - a potion of heal wounds {unknown}
 q - a potion of degeneration {unknown}
 s - a potion of cure mutation {unknown}
 v - a potion of agility
Books
 b - a book of Flames

   Spells                             Type                      Level
   a - Flame Tongue                   Conjuration/Fire             1
   b - Throw Flame                    Conjuration/Fire             2
   c - Conjure Flame                  Conjuration/Fire             3
   d - Inner Flame                    Hexes/Fire                   3
   e - Sticky Flame                   Conjuration/Fire             4
   f - Fireball                       Conjuration/Fire             5
Comestibles
 c - 4 bread rations
 j - a slice of pizza
 l - a meat ration
 u - 3 chunks of flesh


   Skills:
 - Level 1.5 Dodging
 - Level 2.4 Stealth
 * Level 4.6 Spellcasting
 * Level 2.8 Conjurations
 - Level 3.0 Fire Magic


You couldn't memorise any spells.
You knew the following spells:

 Your Spells              Type           Power        Failure   Level  Hunger
a - Flame Tongue          Conj/Fire      ##...        6%          1    None
b - Throw Flame           Conj/Fire      ##....       10%         2    ##.....
c - Conjure Flame         Conj/Fire      ##......     14%         3    ###....
d - Inner Flame           Hex/Fire       #.......     28%         3    ###....
e - Sticky Flame          Conj/Fire      ##......     50%         4    ####...


Dungeon Overview and Level Annotations

Branches:
Dungeon (4/15)             Temple (1/1) D:4

Altars:
Ashenzari
Gozag
Makhleb
Nemelex Xobeh
Okawaru
Qazlal
Xom
The Shining One

Annotations:
D:3 Sigmund, Terence
D:4 Menkaure


Innate Abilities, Weirdness & Mutations

You have extremely sharp teeth.
Your natural rate of healing is unusually fast.
When hurt, damage is shared between your health and your magic reserves.
Your bite disrupts and absorbs the magic of your enemies.
Potions and wands cannot restore your health.
You are immune to rotting.


Message History

Unknown command.
Read which item? (? for menu, Esc to quit)
Okay, then.
Casting: Flame Tongue
Confirm with . or Enter, or press ? or * to list all spells.
Aiming: Flame Tongue
Press: ? - help, Shift-Dir - straight line, f/p - Terence
Aim: Terence, wielding a flail, wearing a ring mail and carrying a wand of magic darts {zapped: 6} (moderately wounded)
The flame tongue hits Terence.
Terence is severely wounded.
Casting: Flame Tongue
Confirm with . or Enter, or press ? or * to list all spells.
Aiming: Flame Tongue
Press: ? - help, Shift-Dir - straight line, f/p - Terence
Aim: Terence, wielding a flail, wearing a ring mail and carrying a wand of magic darts {zapped: 6} (severely wounded)
The flame tongue hits Terence.
Terence is almost dead.
Terence hits you with a flail!
Ouch! That really hurt!
You die...

#...# #...# #...# ####### #...#
#.....# ******** #...# #.....#
*<,,,,,* #...# #.....# ******,*
#...# #.....# *,**
#...#############.....#######*,#*
#.>.............@@.....)....##.##
##'#################.............
†..#####,,,,,#######.######÷##...
.#.....+,,,,,+.........).....',,,
.#######,,,,,,..####.######!.#,,,
.# *,,,**,,,** #.# ##.#,,, .#
*,,**,,,,,**#.# *..#** .#
*###,8,,,8,*#.##### *#%.l,
.########)#,,,,,,,*#.....# *.%##


You could see Terence.

Vanquished Creatures
  Natasha (twice) (D:4)
  An orc wizard (D:4)
  3 adders
  2 worms
  2 giant geckos (D:1)
  2 orcs
  A ball python (D:3)
  4 bats
  2 giant cockroaches
  5 hobgoblins
  5 jackals
  A quokka (D:4)
  7 giant newts
  9 goblins
  4 kobolds
  6 rats
56 creatures vanquished.

Notes
Turn   | Place    | Note
--------------------------------------------------------------
     0 | D:1      | Chiseanne the Vine Stalker Fire Elementalist began the quest for the Orb.
     0 | D:1      | Reached XP level 1. HP: 9/9 MP: 4/4
   240 | D:1      | Reached XP level 2. HP: 13/13 MP: 2/6
   385 | D:1      | Found a sparkling altar of Nemelex Xobeh.
   670 | D:1      | Reached XP level 3. HP: 12/16 MP: 0/8
   834 | D:1      | Learned a level 2 spell: Throw Flame
   838 | D:1      | Learned a level 3 spell: Conjure Flame
  1178 | D:2      | Found a faded altar to an unknown god.
  1708 | D:2      | Reached XP level 4. HP: 21/21 MP: 6/10
  2078 | D:3      | Noticed Sigmund
  2103 | D:3      | Noticed Terence
  2232 | D:4      | Learned a level 3 spell: Inner Flame
  2311 | D:4      | Reached skill level 4 in Spellcasting
  2390 | D:4      | Found a staircase to the Ecumenical Temple.
  2396 | D:4      | Noticed Menkaure
  2402 | Temple   | Entered the Ecumenical Temple
  2499 | D:4      | Noticed Natasha
  2505 | D:4      | Killed Natasha
  2609 | D:4      | Noticed Natasha
  2623 | D:4      | Killed Natasha
  2634 | D:4      | Reached XP level 5. HP: 12/24 MP: 0/12
  2784 | D:3      | Learned a level 4 spell: Sticky Flame
  2998 | D:3      | Mangled by Terence

Vault maps used:
D:1:      eino_arrival_water_star, nemelex_diamond_rough_becter
D:2:      ecumenical_altar_1
D:3:      trog_eyes_of_draining, first_bread, uniq_sigmund, uniq_jessica,
          uniq_terence
D:4:      uniq_natasha, uniq_menkaure
Temple:   temple_island_7

Action                   |  1- 3 |  4- 6 || total
-------------------------+-------+-------++-------
Melee: Hand axe          |    13 |     8 ||    21
 Cast: Flame Tongue      |    65 |    37 ||   102
       Throw Flame       |     1 |     3 ||     4
       Conjure Flame     |       |     2 ||     2
  Use: Scroll            |     2 |     2 ||     4
       Potion            |       |     1 ||     1
 Stab: Sleeping          |     4 |     4 ||     8
  Eat: Chunk             |     3 |     4 ||     7
